 Dungeon Crawl Stone Soup version 0.27.1-16-g815e20cd7a (webtiles) character file.

Game seed: 15249092066884808506

21 Descartes the Sneak (level 2, 0/14 HPs)
             Began as a Felid Delver on Nov 23, 2021.
             Slain by a quokka (5 damage)
             ... on level 3 of the Dungeon.
             The game lasted 00:04:25 (765 turns).

Descartes the Sneak (Felid Delver)                   Turns: 765, Time: 00:04:26

Health: 0/14       AC:  1    Str:  8    XL:     2   Next: 65%
Magic:  3/3        EV: 17    Int: 11    God:
Gold:   27         SH:  0    Dex: 17    Spells: 1/1 levels left
                                        Lives:  0   Deaths: 0

rFire    . . .     SeeInvis +     - Unarmed
rCold    . . .     Faith    .   (shield unavailable)
rNeg     . . .     Spirit   .   (armour unavailable)
rPois    .         Reflect  .   (helmet unavailable)
rElec    .         Harm     .   (cloak unavailable)
rCorr    .         Rampage  .   (gloves unavailable)
Will     .....                  (boots unavailable)
Stlth    ++++......             (no amulet)
HPRegen  0.04/turn              (no ring)
MPRegen  0.08/turn              (no ring)

@: quick
A: very small, claws 1, fangs 3, see invisible, speed 1, shaggy fur 1, stealthy
paws, no weapons or thrown items, no armour, multi-lived
a: no special abilities


You were on level 3 of the Dungeon.
You visited 1 branch of the dungeon, and saw 3 of its levels.

You collected 27 gold pieces.

Inventory:

Wands
 e - a wand of digging (3)
Scrolls
 a - 2 scrolls of fog
 b - a scroll of magic mapping
 c - a scroll of fear
 f - a scroll of holy word {unknown}
 g - a scroll of immolation {unknown}
 h - a scroll of acquirement {unknown}
Potions
 d - a potion of haste
 i - a potion of heal wounds {unknown}
 j - a potion of ambrosia {unknown}


   Skills:
 - Level 3.0 Fighting
 + Level 2.9 Dodging
 + Level 7.5 Stealth
 + Level 2.1 Unarmed Combat


You had one spell level left.
You didn't know any spells.
Your spell library was empty.

Dungeon Overview and Level Annotations

Branches:
Dungeon (5/15)
 Temple: D:4-7

Altars:
Cheibriados
Gozag
Sif Muna

Shops:
D:3 :

Annotations:
D:3 3 runed translucent doors, Natasha; Sopaderocas's ghost, amateur TeCj


Innate Abilities, Weirdness & Mutations

You have sharp claws.
You have razor-sharp teeth.
You have supernaturally acute eyesight. (SInv)
You cover ground quickly. (Speed+)
You are covered in fur. (AC +1)
Your paws help you pounce on unaware monsters.
You are incapable of wielding weapons or throwing items.
You cannot wear armour.
You gain extra lives every three experience levels.


Message History

You start resting.
A phantom comes into view.
Things that are here:
a +0 dagger; an orc corpse A hobgoblin is nearby!
Found an escape hatch in the floor.
Found a stone staircase leading up.
There is an escape hatch in the floor here.
A rat comes into view.
Found a scroll labelled GEMOTHIXKEXZIF.
Found a robe.
You scratch the rat.
You kill the rat!
No target in view!
No target in view!
A quokka comes into view.
There is a stone staircase leading up here.
You see here a rat corpse.
The quokka misses you.
You scratch the quokka but do no damage.
The quokka bites you.
The quokka bites you but does no damage.
You are too injured to fight recklessly!
You are too injured to fight recklessly!
You scratch the quokka. Your bite misses the quokka.
The quokka is heavily wounded.
The quokka bites you.
You scratch the quokka.
The quokka is almost dead.
The quokka closely misses you.
You barely miss the quokka.
The quokka is almost dead.
The quokka closely misses you.
You closely miss the quokka. Your bite misses the quokka.
The quokka is almost dead.
The quokka bites you.
You closely miss the quokka.
The quokka is almost dead.
The quokka bites you.
You die...

#. #.## #.#.# .
#..####.#.# B.
##...##.#.# ...
###.##...# ....
#.>#..# ....
##....# !... .
##...# ...
....######..######
...
......r@.#.......#
....####....<....#
. ##........#
##.......#
......?..#
.[........#
######.
.......######
....... .......#
######. .......#


You could see a quokka.

Vanquished Creatures
  2 dart slugs
  4 orcs
  A ball python (D:3)
  An endoplasm (D:3)
  A frilled lizard (D:3)
  3 kobolds (D:3)
  A rat (D:3)
13 creatures vanquished.

Notes
Turn   | Place    | Note
-------+----------+-------------------------------------------
     0 | D:5      | Descartes the Felid Delver began the quest for the Orb.
     0 | D:5      | Reached XP level 1. HP: 10/10 MP: 2/2
    76 | D:4      | Found a snail-covered altar of Cheibriados.
    97 | D:5      | Noticed a jelly
    98 | D:5      | Noticed an orc priest
    99 | D:4      | Noticed an orc wizard
    99 | D:4      | Noticed an orc priest
   313 | D:4      | Reached skill level 7 in Stealth
   399 | D:4      | Reached XP level 2. HP: 14/14 MP: 3/3
   457 | D:3      | Found Udua's Book Shop.
   602 | D:3      | Found a shimmering blue altar of Sif Muna.
   615 | D:3      | Noticed Natasha
   638 | D:3      | Found a runed translucent gate.
   638 | D:3      | Found a runed translucent gate.
   654 | D:3      | Found a runed translucent gate.
   655 | D:3      | Found an opulent altar of Gozag.
   656 | D:3      | Noticed Sopaderocas's ghost (amateur TeCj)
   710 | D:3      | Noticed a phantom
   765 | D:3      | Slain by a quokka

Illustrated notes

Levels and vault maps discovered:
D:3:      layout_rooms, mainiacjoe_overflow_surrounded_room, serial_shops, shop,
          ebering_ghost_gozag, uniq_grinder, uniq_natasha
D:4:      layout_layer_cave, slow_altar_1
D:5:      layout_rooms, mainiacjoe_overflow_small_starburst, minivault_5,
          kennysheep_another_room, uniq_sigmund

Skill      XL: |  1 |
---------------+----+-----
Stealth        | 7 |  7.5
Fighting       | |  3.0
Dodging        | |  2.9
Unarmed Combat | |  2.1

Action                   || total
-------------------------++-------
Melee: Unarmed           ||    28
       Bite              ||     2
  Use: Scroll            ||     1
 Stab: Sleeping          ||     5
Armor: Skin              ||     4
Dodge: Dodged            ||    23
